 Dungeon Crawl Stone Soup version 0.23.1-41-g7e51ed32d8 (webtiles) character file.

Game seed: 11743965928511642435

2810 PentaManta the Fighter (level 9, -1/69 HPs)
             Began as an Octopode Fighter on Mar 30, 2019.
             Slain by a yak (15 damage)
             ... on level 7 of the Dungeon.
             The game lasted 00:14:44 (6251 turns).

PentaManta the Fighter (Octopode Fighter)           Turns: 6251, Time: 00:14:46

Health: -1/69      AC:  1    Str: 13 (16) XL:     9   Next: 72%
Magic:  9/9        EV: 19    Int:  9 (10) God:
Gold:   444        SH:  5    Dex: 16 (19) Spells: 8/8 levels left

rFire    . . .     SeeInvis .   a - +1 long sword
rCold    . . .     Gourm    .   A - +0 buckler
rNeg     . . .     Faith    .   (helmet restricted)
rPois    .         Spirit   .   (no amulet)
rElec    .         Reflect  .   x - ring of resist corrosion
rCorr    +         Harm     .   w - +4 ring of slaying
MR       .....                  (no ring)
Stlth    +++.......             (no ring)
HPRegen  0.21/turn              (no ring)
MPRegen  0.11/turn              (no ring)
                                (no ring)
                                (no ring)

@: agile
A: almost no armour, stealthy swim, amphibious, 8 rings, constrict 8, camouflage
1, gelatinous body 1
a: no special abilities


You were on level 7 of the Dungeon.
You were not hungry.

You visited 2 branches of the dungeon, and saw 8 of its levels.
You also visited: Sewer.

You collected 444 gold pieces.

Inventory:

Hand Weapons
 a - a +1 long sword (weapon)
 n - a +0 dagger
Missiles
 s - a throwing net (quivered)
Armour
 b - a +1 shield
 A - a +0 buckler (worn)
Jewellery
 w - a +4 ring of slaying (right tentacle)
 x - a ring of resist corrosion (left tentacle)
Scrolls
 e - a scroll of enchant armour
 g - a scroll of enchant weapon
 i - 2 scrolls of blinking
 j - 7 scrolls of teleportation
 k - 6 scrolls of remove curse
 q - 3 scrolls of amnesia
 r - 2 scrolls of fear
 y - 7 scrolls of identify
Potions
 f - a potion of lignification
 h - 5 potions of curing
 m - 4 potions of haste {unknown}
 o - 4 potions of heal wounds {unknown}
 p - 3 potions of mutation {unknown}
 t - 6 potions of flight {unknown}
 u - a potion of magic {unknown}
 z - 3 potions of resistance
Comestibles
 d - 13 rations


   Skills:
 + Level 9.5 Fighting
 - Level 3.3(6.3) Short Blades
 + Level 8.5(8.8) Long Blades
 - Level 3.0 Dodging
 - Level 4.1 Shields


You had 8 spell levels left.
You didn't know any spells.
Your spell library was empty.

Dungeon Overview and Level Annotations

Branches:
Dungeon (7/15)             Temple (1/1) D:5

Altars:
Ashenzari
Cheibriados
Elyvilon
Fedhas
Gozag
Hepliaklqana
Kikubaaqudgha
Makhleb
Nemelex Xobeh
Okawaru
Qazlal
Ru
Sif Muna
Trog
Uskayaw
Vehumet
Wu Jian
Xom
Yredelemnul
Zin
Lugonu

Shops:
D:5 [

Annotations:
D:3 3 runed translucent doors, Buffaloe's ghost, amateur SpEn; Jabberih's ghost, amateur DsNe; Marnok's ghost, amateur DsGl; ciphuk's ghost, amateur KoGl; wont's ghost, amateur NaWz


Innate Abilities, Weirdness & Mutations

You cannot wear most types of armour.
You are very stealthy in the water. (Stealth+)
You are amphibious.
You can wear up to eight rings at the same time.
You can use your tentacles to constrict eight enemies at once.
Your skin changes colour to match your surroundings (Stealth+).
Your rubbery body absorbs attacks. (AC +1, EV +1)


Message History

The hog closely misses you.
You riposte.
You hit the hog. You grab the hog.
The hog is lightly wounded.
You release your grip on the hog.
The sentinel's mark upon you fades away.
The hog bites you. The hog barely misses you.
You riposte.
You slash the hog! You grab the hog.
The hog is moderately wounded.
You release your grip on the hog.
The hog misses you.
You riposte.
You hit the hog. You grab the hog.
The hog is moderately wounded.
It was a potion of agility.
You feel agile all of a sudden.
You constrict the hog. The hog bites you! x2
It was a potion of degeneration.
There was something very wrong with that liquid.
You feel weakened.
You feel dopey.
You feel clumsy.
You constrict the hog. The hog misses you. The hog bites you!
* * * LOW HITPOINT WARNING * * *
The yak gores you!
You die...

.#.######.#.# ##...........#
.#<.......#.# #............+
.#.########'###
#............#
.#.....)......#
#............#
......).#)....#
##...........#
#######.#.....# ##+####'#####
#######.#.....# #......#
#.......#.....###############
#.#######.....##@Y...# #.#
#.....##hhp..#
#.#######.....##h....#
#.............##.....#
#.######.............# #.#
#.............# #.#
#.............#
.(######.............#
#....ยง.'.............#


You could see a yak, 3 hogs and a human.

Vanquished Creatures
  A two-headed ogre (D:7)
  2 sky beasts
  An orc warrior (D:7)
  A black bear (D:6)
  2 ogres
  A centaur (D:5)
  2 bullfrogs
  A scorpion (D:7)
  5 wights (D:6)
  4 crimson imps
  2 howler monkeys
  3 hounds
  An orc priest (D:5)
  A jelly (D:5)
  Jessica (D:2)
  2 centaur skeletons
  2 iguanas
  5 orc wizards
  A gnoll shaman (D:4)
  5 worker ants
  A hound skeleton (D:5)
  Robin (D:3)
  5 gnolls
  12 adders
  2 shadow imps
  6 oozes (Sewer)
  An adder skeleton (D:7)
  10 worms
  2 dart slugs
  3 leopard geckos
  19 orcs
  4 giant cockroaches
  11 hobgoblins
  18 jackals
  9 kobolds
  6 quokkas
  6 ball pythons
  18 bats
  12 frilled lizards
  8 goblins
  A leopard gecko skeleton (D:4)
  A quokka skeleton (D:6)
  9 rats
208 creatures vanquished.

Notes
Turn   | Place    | Note
-------+----------+-------------------------------------------
     0 | D:1      | PentaManta the Octopode Fighter began the quest for the
                  | Orb.
     0 | D:1      | Reached XP level 1. HP: 16/16 MP: 1/1
   284 | D:1      | Reached XP level 2. HP: 19/21 MP: 2/2
   529 | D:1      | Reached XP level 3. HP: 16/26 MP: 3/3
   704 | D:2      | Noticed Jessica
   711 | D:2      | Killed Jessica
   711 | D:2      | Reached skill level 4 in Fighting
   711 | D:2      | Reached XP level 4. HP: 24/33 MP: 4/4
  1374 | D:3      | Found a runed translucent gate.
  1375 | D:3      | Found a runed translucent gate.
  1376 | D:3      | Found a runed translucent gate.
  1377 | D:3      | Noticed Marnok's ghost (amateur DsGl)
  1378 | D:3      | Noticed ciphuk's ghost (amateur KoGl)
  1378 | D:3      | Noticed Jabberih's ghost (amateur DsNe)
  1379 | D:3      | Noticed wont's ghost (amateur NaWz)
  1379 | D:3      | Noticed Buffaloe's ghost (amateur SpEn)
  1404 | D:3      | Reached XP level 5. HP: 14/38 MP: 5/5
  1687 | D:3      | Noticed Robin
  1706 | D:3      | Killed Robin
  2455 | D:4      | Reached skill level 5 in Fighting
  2455 | D:4      | Reached XP level 6. HP: 43/45 MP: 6/6
  2711 | D:4      | Reached skill level 5 in Long Blades
  2729 | D:4      | Found a glowing drain.
  2876 | Sewer    | Entered a sewer
  3295 | Sewer    | Reached XP level 7. HP: 44/51 MP: 7/7
  3721 | D:4      | Found a blossoming altar of Fedhas.
  3722 | D:4      | Found an ancient bone altar of Kikubaaqudgha.
  3745 | D:4      | Reached skill level 6 in Fighting
  3754 | D:4      | Found a deep blue altar of Sif Muna.
  3754 | D:4      | Found an opulent altar of Gozag.
  3971 | D:5      | Entered Level 5 of the Dungeon
  4095 | D:5      | Found a bloodstained altar of Trog.
  4111 | D:5      | Found a stormy altar of Qazlal.
  4282 | D:5      | Reached XP level 8. HP: 49/58 MP: 8/8
  4316 | D:5      | Found a sacrificial altar of Ru.
  4427 | D:5      | Found a staircase to the Ecumenical Temple.
  4447 | Temple   | Entered the Ecumenical Temple
  4587 | D:5      | Reached skill level 7 in Fighting
  4600 | D:5      | Found Asuder's Armour Boutique.
  4857 | D:6      | Found a shattered altar of Ashenzari.
  5037 | D:6      | Found a burning altar of Makhleb.
  5117 | D:6      | Reached skill level 8 in Fighting
  5220 | D:6      | Reached XP level 9. HP: 64/67 MP: 9/9
  5600 | D:6      | Found a sparkling altar of Nemelex Xobeh.
  5600 | D:6      | Found a hide-covered altar of Uskayaw.
  5601 | D:6      | Found a snail-covered altar of Cheibriados.
  5735 | D:7      | Noticed a two-headed ogre
  5748 | D:7      | Killed a two-headed ogre
  5748 | D:7      | Reached skill level 9 in Fighting
  6251 | D:7      | Slain by a yak

Skill      XL: |  1  2  3  4  5  6  7  8  9 |
---------------+----------------------------+-----
Long Blades    | 3 4 5 6 8 |  8.5
Fighting       | 4 5 6 8 9 |  9.5
Shields        | 4 |  4.1
Short Blades   | 3 |  3.3
Dodging        | |  3.0

Action                   |  1- 3 |  4- 6 |  7- 9 || total
-------------------------+-------+-------+-------++-------
Melee: Long sword        |    62 |   128 |   179 ||   369
       Constrict         |    15 |    44 |    53 ||   112
       Tentacles         |    12 |    27 |    45 ||    84
  Use: Scroll            |       |    15 |       ||    15
       Potion            |       |       |     4 ||     4
 Stab: Sleeping          |     1 |     8 |     8 ||    17
       Distracted        |       |     1 |       ||     1
       Invisible         |       |       |     2 ||     2
  Eat: Chunk             |       |     7 |    10 ||    17
Armor: Skin              |     7 |     5 |     6 ||    18
Dodge: Dodged            |    28 |    45 |    95 ||   168
Block: Shield            |    31 |    52 |    75 ||   158
       Buckler           |       |       |     7 ||     7
       Rpst.: Long sword |     8 |    13 |    35 ||    56
